General information
- name: BNet
- type: Ladder team game (AT/RT)
- host: Battle.net
- saver: DSSN
map: Mur'gulOasis
- players: 8
- length: 19:27
- speed: Fast
- version: 1.26 W3XP
- replay type: Public
» download(149 KB)
Players
team 1 (winner)

»
ElmexXx (
purple | 70 APM | 1357 actions | 19:26)
5 Pandaren Brewmaster
3 Breath of Fire
2 Drunken Haze
» actions
| Assign group hotkey | 9 | |
| Build / train | 59 | |
| Enter build submenu | 29 | |
| Enter hero's abilities submenu | 5 | |
| Right click | 945 | |
| Select / deselect | 239 | |
| Select group hotkey | 8 | |
| Use ability | 63 | |
1357 total
» units
| Peasant | 9 | |
| Footman | 10 | |
| Rifleman | 4 | |
| Spell Breaker | 7 | |
| Sorceress | 2 | |
32 total
» upgrades
| Defend | 1 | |
| Magic Sentry | 1 | |
| Sorceress Training | 1 | |
3 total
» buildings
| Altar of Kings | 1 | |
| Farm | 11 | |
| Barracks | 1 | |
| Scout Tower | 6 | |
| Arcane Tower | 2 | |
| Arcane Vault | 2 | |
| Lumber Mill | 1 | |
| Guard Tower | 6 | |
| Keep | 4 | |
| Blacksmith | 1 | |
| Arcane Sanctum | 2 | |
37 total
» build order
00:08 Altar of Kings
00:12 Farm
00:19 Barracks
00:49 Farm
01:39 Scout Tower
02:09 Farm
02:10 Arcane Tower
02:10 Arcane Tower
02:36 Arcane Vault
02:43 Lumber Mill
03:46 Scout Tower
04:15 Guard Tower
04:15 Guard Tower
04:52 Scout Tower
04:56 Scout Tower
05:21 Guard Tower
05:49 Arcane Vault
07:08 Farm
07:09 Keep
07:10 Keep
07:13 Blacksmith
07:47 Farm
09:32 Scout Tower
10:01 Guard Tower
10:02 Guard Tower
10:05 Arcane Sanctum
10:06 Arcane Sanctum
11:29 Farm
12:37 Farm
12:40 Scout Tower
13:32 Guard Tower
14:13 Farm
14:16 Farm
15:44 Farm
15:46 Farm
» items
| Scroll of Regeneration | 3 | |
| Lesser Clarity Potion | 2 | |
| Scroll of Town Portal | 1 | |
6 total
wbs-Blauhippie (
teal | 64 APM | 1248 actions | 19:26)
6 Priestess of the Moon
2 Searing Arrows
3 Trueshot Aura
1 Starfall
» actions
| Assign group hotkey | 42 | |
| Build / train | 50 | |
| Enter build submenu | 15 | |
| Enter hero's abilities submenu | 6 | |
| Right click | 405 | |
| Select / deselect | 227 | |
| Select group hotkey | 475 | |
| Use ability | 28 | |
1248 total
» units
| Wisp | 11 | |
| Huntress | 2 | |
| Dryad | 15 | |
| Hippogryph | 10 | |
38 total
» upgrades
» buildings
| Moon Well | 5 | |
| Altar of Elders | 1 | |
| Hunter's Hall | 1 | |
| Ancient of Wonders | 1 | |
| Ancient Protector | 1 | |
| Tree of Ages | 1 | |
| Ancient of War | 1 | |
| Ancient of Lore | 2 | |
| Ancient of Wind | 1 | |
14 total
» build order
00:22 Moon Well
00:27 Altar of Elders
01:27 Hunter's Hall
01:50 Ancient of Wonders
02:33 Ancient Protector
02:56 Tree of Ages
03:01 Moon Well
03:02 Moon Well
03:04 Moon Well
03:31 Ancient of War
05:23 Ancient of Lore
05:24 Ancient of Lore
07:44 Ancient of Wind
07:51 Moon Well
» items
| Scroll of Regeneration | 1 | |
| Scroll of Town Portal | 2 | |
3 total
MaTaPoLLoS(o.O (
pink | 42 APM | 818 actions | 19:26)
5 Archmage
3 Blizzard
2 Brilliance Aura
4 Paladin
2 Holy Light
2 Divine Shield
» actions
| Assign group hotkey | 56 | |
| Basic commands | 16 | |
| Build / train | 69 | |
| Enter build submenu | 17 | |
| Enter hero's abilities submenu | 9 | |
| Remove unit from queue | 1 | |
| Right click | 314 | |
| Select / deselect | 215 | |
| Select group hotkey | 71 | |
| Use ability | 50 | |
818 total
» units
| Peasant | 8 | |
| Footman | 5 | |
| Rifleman | 4 | |
| Mortar Team | 8 | |
| Priest | 8 | |
| Flying Machine | 12 | |
| Sorceress | 1 | |
46 total
» upgrades
| Gunpowder | 2 | |
| Priest Training | 2 | |
| Flak Cannons | 1 | |
| Flying Machine Bombs | 1 | |
6 total
» buildings
| Altar of Kings | 1 | |
| Farm | 8 | |
| Barracks | 1 | |
| Scout Tower | 2 | |
| Keep | 1 | |
| Arcane Tower | 1 | |
| Arcane Vault | 1 | |
| Lumber Mill | 1 | |
| Blacksmith | 1 | |
| Guard Tower | 1 | |
| Workshop | 1 | |
| Arcane Sanctum | 1 | |
| Castle | 1 | |
21 total
» build order
00:12 Altar of Kings
00:20 Farm
00:51 Barracks
01:03 Farm
01:59 Scout Tower
02:40 Farm
03:08 Keep
03:10 Arcane Tower
03:14 Scout Tower
03:21 Arcane Vault
03:25 Lumber Mill
03:30 Blacksmith
04:46 Guard Tower
04:53 Farm
04:54 Farm
06:19 Workshop
06:30 Arcane Sanctum
09:29 Farm
10:29 Farm
10:29 Farm
13:34 Castle
» items

»
DSSN (
yellow | 100 APM | 1949 actions | 19:27)
5 Mountain King
3 Storm Bolt
2 Bash
» actions
| Assign group hotkey | 33 | |
| Basic commands | 31 | |
| Build / train | 128 | |
| ESC pressed | 3 | |
| Enter build submenu | 23 | |
| Enter hero's abilities submenu | 5 | |
| Right click | 858 | |
| Select / deselect | 323 | |
| Select group hotkey | 454 | |
| Use ability | 91 | |
1949 total
» units
| Peasant | 18 | |
| Footman | 12 | |
| Rifleman | 13 | |
| Dragonhawk Rider | 9 | |
52 total
» upgrades
| Defend | 1 | |
| Masonry | 3 | |
| Swords | 1 | |
| Armor | 2 | |
| Gunpowder | 3 | |
| Long Rifles | 1 | |
| Lumber Harvesting | 1 | |
12 total
» buildings
| Altar of Kings | 1 | |
| Farm | 6 | |
| Barracks | 1 | |
| Scout Tower | 8 | |
| Arcane Tower | 4 | |
| Arcane Vault | 2 | |
| Blacksmith | 1 | |
| Lumber Mill | 1 | |
| Keep | 2 | |
| Guard Tower | 19 | |
| Gryphon Aviary | 1 | |
| Castle | 1 | |
| Arcane Sanctum | 1 | |
48 total
» build order
00:03 Altar of Kings
00:07 Farm
00:11 Barracks
00:49 Farm
01:27 Scout Tower
01:36 Farm
02:01 Arcane Tower
02:01 Arcane Tower
02:48 Arcane Vault
04:32 Farm
04:46 Blacksmith
04:50 Lumber Mill
05:09 Arcane Vault
05:48 Farm
06:40 Keep
06:40 Keep
08:16 Scout Tower
08:19 Scout Tower
08:48 Guard Tower
08:48 Guard Tower
08:48 Guard Tower
08:55 Guard Tower
09:01 Scout Tower
09:16 Gryphon Aviary
09:31 Guard Tower
09:41 Guard Tower
09:41 Guard Tower
09:41 Guard Tower
09:46 Guard Tower
09:46 Guard Tower
10:08 Farm
12:22 Scout Tower
12:25 Scout Tower
12:54 Guard Tower
16:03 Castle
17:53 Scout Tower
17:54 Scout Tower
18:23 Arcane Sanctum
18:24 Guard Tower
18:24 Guard Tower
» items
| Scroll of Regeneration | 9 | |
| Lesser Clarity Potion | 4 | |
| Mechanical Critter | 2 | |
| Scroll of Town Portal | 6 | |
| Ivory Tower | 2 | |
23 total
team 2 (loser)
SuperMegaLoL (
red | 60 APM | 952 actions | 15:46)
4 Death Knight
2 Death Coil
2 Unholy Aura
3 Dreadlord
2 Sleep
1 Vampiric Aura
2 Lich
1 Frost Nova
1 Frost Armor
» actions
| Assign group hotkey | 39 | |
| Basic commands | 2 | |
| Build / train | 41 | |
| Enter build submenu | 15 | |
| Enter hero's abilities submenu | 9 | |
| Give item / drop item | 8 | |
| Right click | 302 | |
| Select / deselect | 197 | |
| Select group hotkey | 242 | |
| Use ability | 97 | |
952 total
» units
| Acolyte | 2 | |
| Ghoul | 3 | |
| Frost Wyrm | 8 | |
13 total
» buildings
| Crypt | 1 | |
| Ziggurat | 6 | |
| Altar of Darkness | 1 | |
| Graveyard | 1 | |
| Tomb of Relics | 1 | |
| Nerubian Tower | 1 | |
| Halls of the Dead | 1 | |
| Black Citadel | 1 | |
| Sacrificial Pit | 1 | |
| Boneyard | 2 | |
16 total
» build order
00:21 Crypt
00:23 Ziggurat
00:37 Altar of Darkness
00:55 Graveyard
01:01 Tomb of Relics
02:15 Nerubian Tower
02:34 Halls of the Dead
02:51 Ziggurat
03:44 Ziggurat
04:57 Black Citadel
05:02 Sacrificial Pit
07:35 Boneyard
07:49 Boneyard
07:55 Ziggurat
10:02 Ziggurat
14:37 Ziggurat
» items
| Rod of Necromancy | 4 | |
| Boots of Speed | 1 | |
| Staff of Teleportation | 1 | |
| Circlet of Nobility | 1 | |
| Orb of Corruption | 5 | |
| Scroll of Town Portal | 1 | |
13 total
madl (
blue | 76 APM | 1226 actions | 16:09)
3 Demon Hunter
2 Mana Burn
1 Evasion
1 Keeper of the Grove
1 Entangling Roots
» actions
| Assign group hotkey | 16 | |
| Basic commands | 25 | |
| Build / train | 40 | |
| Enter build submenu | 16 | |
| Enter hero's abilities submenu | 4 | |
| Remove unit from queue | 2 | |
| Right click | 503 | |
| Select / deselect | 283 | |
| Select group hotkey | 288 | |
| Use ability | 48 | |
1226 total
» units
| Wisp | 11 | |
| Archer | 8 | |
| Druid of the Claw | 6 | |
25 total
» upgrades
| Druid of the Claw Training | 2 | |
2 total
» buildings
| Altar of Elders | 1 | |
| Moon Well | 5 | |
| Ancient of War | 1 | |
| Tree of Ages | 1 | |
| Hunter's Hall | 1 | |
| Ancient of Wonders | 1 | |
| Ancient Protector | 1 | |
| Ancient of Lore | 3 | |
| Tree of Eternity | 1 | |
| Tree of Life | 1 | |
16 total
» build order
00:09 Altar of Elders
00:20 Moon Well
00:39 Ancient of War
01:28 Moon Well
02:54 Tree of Ages
04:20 Hunter's Hall
04:24 Ancient of Wonders
04:36 Moon Well
05:52 Ancient Protector
05:59 Ancient of Lore
06:42 Ancient of Lore
07:17 Ancient of Lore
07:24 Tree of Eternity
08:14 Moon Well
13:03 Tree of Life
13:57 Moon Well
» items
| Potion of Healing | 3 | |
| Staff of Preservation | 1 | |
| Scroll of Protection | 1 | |
5 total

»
kovcenko (
orange | 75 APM | 1231 actions | 16:24)
3 Keeper of the Grove
2 Entangling Roots
1 Thorns Aura
1 Priestess of the Moon
1 Trueshot Aura
» actions
| Assign group hotkey | 58 | |
| Build / train | 54 | |
| Enter build submenu | 14 | |
| Enter hero's abilities submenu | 4 | |
| Remove unit from queue | 3 | |
| Right click | 658 | |
| Select / deselect | 187 | |
| Select group hotkey | 199 | |
| Use ability | 54 | |
1231 total
» units
| Wisp | 11 | |
| Archer | 22 | |
| Hippogryph | 4 | |
37 total
» upgrades
| Strength of the Moon | 1 | |
| Moon Armor | 1 | |
| Hippogryph Taming | 1 | |
3 total
» buildings
| Moon Well | 5 | |
| Altar of Elders | 1 | |
| Ancient of War | 1 | |
| Hunter's Hall | 1 | |
| Tree of Ages | 1 | |
| Ancient of Wind | 1 | |
| Ancient Protector | 4 | |
14 total
» build order
00:40 Moon Well
00:49 Altar of Elders
00:59 Ancient of War
01:05 Moon Well
02:50 Hunter's Hall
04:25 Tree of Ages
05:48 Moon Well
07:24 Moon Well
07:28 Ancient of Wind
09:54 Moon Well
13:34 Ancient Protector
13:38 Ancient Protector
13:41 Ancient Protector
13:43 Ancient Protector
» items
| Scroll of Town Portal | 2 | |
| Potion of Healing | 1 | |
| Potion of Mana | 1 | |
4 total
M4TECH (
green | 60 APM | 1171 actions | 19:26)
5 Blademaster
2 Wind Walk
3 Critical Strike
» actions
| Assign group hotkey | 128 | |
| Basic commands | 1 | |
| Build / train | 51 | |
| Enter build submenu | 18 | |
| Enter hero's abilities submenu | 5 | |
| Remove unit from queue | 3 | |
| Right click | 399 | |
| Select / deselect | 166 | |
| Select group hotkey | 352 | |
| Use ability | 48 | |
1171 total
» units
| Peon | 7 | |
| Wind Rider | 8 | |
| Troll Batrider | 4 | |
| Raider | 2 | |
21 total
» upgrades
| Ranged Weapons | 2 | |
| Envenomed Spears | 1 | |
| Liquid Fire | 1 | |
| Backpack | 0 | |
| Pillage | 1 | |
| Ensnare | 1 | |
6 total
» buildings
| Altar of Storms | 1 | |
| Orc Burrow | 4 | |
| War Mill | 1 | |
| Watch Tower | 2 | |
| Stronghold | 1 | |
| Voodoo Lounge | 1 | |
| Beastiary | 3 | |
| Fortress | 1 | |
14 total
» build order
00:08 Altar of Storms
00:17 Orc Burrow
00:33 War Mill
01:16 Orc Burrow
01:58 Watch Tower
03:01 Stronghold
03:15 Voodoo Lounge
03:55 Watch Tower
04:55 Orc Burrow
05:24 Beastiary
05:27 Beastiary
06:08 Beastiary
06:49 Orc Burrow
09:21 Fortress
» items
| Lesser Clarity Potion | 5 | |
| Healing Salve | 2 | |
| Scroll of Speed | 2 | |
| Scroll of Town Portal | 3 | |
| Orb of Lightning | 1 | |
13 total
Chat log
(01:11 / Allies) MaTaPoLLoS(o.O: hi
(01:13 / Allies) MaTaPoLLoS(o.O: units?
(01:14 / Allies) ElmexXx: hi
(01:20 / Allies) ElmexXx: caster + spell
(01:40 / Allies) MaTaPoLLoS(o.O: i priest mortan ok?
(01:46 / Allies) DSSN: kk
(03:47 / All) M4TECH: dream on noob
(03:55 / All) DSSN: you are lvl 1 harassing with 0 untis killed
(03:58 / All) DSSN: "noob"
(04:03 / All) M4TECH: u suck loser
(04:06 / All) M4TECH: l2p
(04:11 / All) DSSN: what's wrong buddy?
(04:15 / Allies) wbs-Blauhippie: all
(04:21 / Allies) DSSN: sec
(04:27 / All) M4TECH: ur virginity nerd
(04:41 / All) DSSN: oic
(06:22 / All) DSSN: lol
(06:47 / Allies) wbs-Blauhippie: ud goes wyrms
(07:53 / All) DSSN: tping lvl 1 hero
(07:54 / All) DSSN: lol
(08:09 / All) M4TECH: stfu virgin boy ktnxbye
(08:12 / Allies) DSSN: green is going mass wyvern
(08:45 / Allies) DSSN: tp maybe
(10:01 / Allies) MaTaPoLLoS(o.O: go all
(10:01 / Allies) DSSN: omw
(10:21 / All) kovcenko: masakr noob team
(10:25 / All) DSSN: du suger
(11:33 / Allies) DSSN: tp
(11:36 / Allies) MaTaPoLLoS(o.O: ne tp
(12:39 / Allies) MaTaPoLLoS(o.O: main
(13:01 / All) kovcenko: 2 FUCKING TECHER
(13:11 / All) DSSN: Hello green
(13:16 / All) kovcenko: MASS WYRM VS DRYAD SUPER MEGA LOL
(13:24 / All) MaTaPoLLoS(o.O: yes jaja
(13:25 / All) kovcenko: GGG RETARD
(14:02 / All) kovcenko: UNDAD UND ORK PLEAS STOP WARCRAFT
(14:10 / All) DSSN: lol
(14:34 / All) kovcenko: UNINSTAL WARCRAFT PLEAS
(14:42 / All) DSSN: lol
(15:52 / All) DSSN: so easy
(16:00 / All) DSSN: GET THE FUCK OUT.
(16:18 / All) DSSN: Time for you to leave, green
(16:22 / All) DSSN: fucking shitbrained noob
(16:43 / All) DSSN: Out.
(17:32 / All) DSSN: should have repaired instead of used burrows
(17:33 / All) DSSN: lol
(17:34 / All) DSSN: so bad
(18:11 / All) DSSN: hide buildings all around the mad
(18:11 / All) DSSN: please
(18:14 / All) DSSN: to show how fucking mad you are
(18:19 / All) M4TECH: stf virgin kid ok ?
(18:53 / All) DSSN: TOO EASY
(18:56 / All) DSSN: E
(18:56 / All) MaTaPoLLoS(o.O: y
(18:57 / All) DSSN: Z
(18:57 / All) DSSN: E
(18:58 / All) DSSN: Z
(19:21 / All) DSSN: NOT THE TIME TO BASE RACE BUDDY